 Dungeon Crawl Stone Soup version 0.21.1-1-g345015f (webtiles) character file.

114 troglodite the Skirmisher (level 4, -5/55 HPs)
             Began as a Demonspawn Berserker on July 9, 2018.
             Was a Believer of Trog.
             Slain by a killer bee (7 damage)
             ... on level 2 of the Dungeon.
             The game lasted 00:02:12 (1114 turns).

troglodite the Skirmisher (Demonspawn Berserker)    Turns: 1114, Time: 00:02:13

Health: -5/55      AC:  4    Str: 22    XL:     4   Next: 67%
Magic:  4/4        EV: 13    Int:  9    God:    Trog [**....]
Gold:   48         SH:  0    Dex: 13    Spells: 3/3 levels left

rFire    . . .     SeeInvis .   a - +0 falchion
rCold    . . .     Gourm    .   (no shield)
rNeg     . . .     Faith    .   b - +0 animal skin
rPois    .         Spirit   .   (no helmet)
rElec    .         Reflect  .   (no cloak)
rCorr    .         Harm     .   (no gloves)
MR       .....                  (no boots)
Stlth    ..........             (no amulet)
HPRegen  0.18/turn              (no ring)
MPRegen  0.09/turn              (no ring)

@: berserking (expiring), very quick
A: thin metallic scales 1
a: Berserk, Trog's Hand, Burn Spellbooks, Renounce Religion


You were on level 2 of the Dungeon.
You worshipped Trog.
Trog was pleased with you.
You were hungry.

You visited 1 branch of the dungeon, and saw 2 of its levels.

You collected 48 gold pieces.

Inventory:

Hand Weapons
 a - a +0 falchion (weapon)
Armour
 b - a +0 animal skin (worn)
Scrolls
 d - a scroll of remove curse {unknown}
 e - a scroll of enchant armour {unknown}
 j - 2 scrolls of enchant weapon {unknown}
Potions
 f - a potion of agility {unknown}
 h - a potion of curing {unknown}
 i - a potion of ambrosia {unknown}
Comestibles
 c - 3 rations
 g - 2 chunks of flesh


   Skills:
 * Level 3.9 Fighting
 + Level 3.6 Long Blades
 * Level 2.2 Armour
 * Level 2.5 Dodging
 + Level 0.7 Stealth


You had 3 spell levels left.
You didn't know any spells.

Dungeon Overview and Level Annotations

Branches:
Dungeon (2/15)

Altars:


Innate Abilities, Weirdness & Mutations

You are partially covered in thin metallic scales. (AC +2)


Message History

* * * LOW HITPOINT WARNING * * *
You closely miss the killer bee.
The killer bee is lightly wounded.
The killer bee barely misses you. The killer bee misses you.
You miss the killer bee.
The killer bee is lightly wounded.
The killer bee closely misses you.
You riposte.
You miss the killer bee.
The killer bee is lightly wounded.
The killer bee completely misses you.
You miss the killer bee.
The killer bee is lightly wounded.
The killer bee closely misses you.
You slash the killer bee!
The killer bee is heavily wounded.
The killer bee misses you.
You riposte.
You slash the killer bee!
You kill the killer bee!
Trog accepts your kill. The killer bee barely misses you.
You barely miss the killer bee. The killer bee stings you!
You die...

....####.#
...r.....
#.......###
#[.....#..
#..)...#
#..y.?y#
#.#.##r# #.. #y#
#. #@# #. #.#
##.# #.#
##...###.#
##.....##.#
#.........#
#......#### .#
##
#.........###.##
#.
#.###....[......
###.


You could see 2 killer bees and a rat.

Vanquished Creatures
  2 killer bees (D:2)
  A dart slug (D:1)
  A leopard gecko (D:1)
  A goblin (D:1)
  4 hobgoblins (D:1)
  2 jackals (D:1)
  4 kobolds
  A quokka (D:2)
  2 bats
  2 frilled lizards (D:1)
  3 rats
23 creatures vanquished.

Notes
Turn   | Place    | Note
-------+----------+-------------------------------------------
     0 | D:1      | troglodite the Demonspawn Berserker began the quest for the Orb.
     0 | D:1      | Reached XP level 1. HP: 18/18 MP: 1/1
   120 | D:1      | Gained mutation: You are partially covered in thin metallic scales. (AC +2) [demonic ancestry]
   120 | D:1      | Reached XP level 2. HP: 7/24 MP: 2/2
  1097 | D:2      | Noticed a killer bee
  1098 | D:2      | Noticed a killer bee
  1098 | D:2      | Noticed a killer bee
  1099 | D:2      | Noticed a killer bee
  1106 | D:2      | Killed a killer bee
  1106 | D:2      | Reached ** piety under Trog
  1106 | D:2      | Reached XP level 3. HP: 4/30 MP: 3/3
  1106 | D:2      | Reached XP level 4. HP: 5/37 MP: 4/4
  1109 | D:2      | HP: 1/55 [killer bee (4)]
  1114 | D:2      | Slain by a killer bee

Skill      XL: |  1  2 |
---------------+-------+-----
Long Blades    | 3 |  3.6
Dodging        | 2 |  2.5
Armour         | 2 |  2.2
Fighting       | |  3.9
Stealth        | |  0.7

Action                   |  1- 3 |  4- 6 || total
-------------------------+-------+-------++-------
Melee: Falchion          |    64 |     8 ||    72
Invok: Berserk           |     2 |       ||     2
 Stab: Sleeping          |     2 |       ||     2
  Eat: Chunk             |     2 |       ||     2
Armor: Animal skin       |    11 |     1 ||    12
Dodge: Dodged            |    59 |     9 ||    68
       Rpst.: Falchion   |    23 |     3 ||    26
